 Dungeon Crawl Stone Soup version 0.20.0-15-g7f486f2 (webtiles) character file.

76 sagitran the Bolt Thrower (level 4, 0/27 HPs)
             Began as a Kobold Hunter on June 13, 2017.
             Killed by vampiric draining
             ... invoked by dvd's ghost
              (8 damage)
             ... on level 3 of the Dungeon.
             The game lasted 00:25:11 (1965 turns).

sagitran the Bolt Thrower (Kobold Hunter)           Turns: 1965, Time: 00:25:12

Health: 0/27       AC:  3    Str:  9    XL:     4   Next: 57%
Magic:  4/4        EV: 15    Int: 17    God:
Gold:   154        SH:  0    Dex: 16    Spells: 3/3 levels left

rFire    . . .     SeeInvis .   a - +2 hand crossbow
rCold    . . .     Gourm    .   (shield restricted)
rNeg     . . .     Faith    .   c - +0 leather armour
rPois    .         Spirit   .   (no helmet)
rElec    .         Reflect  .   (no cloak)
rCorr    +         Harm     .   (no gloves)
MR       .....                  (no boots)
Stlth    ++........             (no amulet)
Regen    0.1/turn               h - ring of resist corrosion
MPRegen  0.1/turn               r - +5 ring of intelligence

@: no status effects
A: carnivore 3
a: no special abilities


You were on level 3 of the Dungeon.
You were very full.

You visited 1 branch of the dungeon, and saw 3 of its levels.

You collected 154 gold pieces.

Inventory:

Hand Weapons
 a - a +2 hand crossbow (weapon)
 p - a +2 dagger of speed
Missiles
 d - 7 bolts (quivered)
Armour
 c - a +0 leather armour (worn)
Jewellery
 h - a ring of resist corrosion (left hand)
 r - a +5 ring of intelligence (right hand)
Scrolls
 b - a scroll of remove curse
 o - a scroll of identify {unknown}
Potions
 g - a potion of curing {unknown}
 i - a potion of lignification {unknown}
 j - a potion of heal wounds {unknown}
 l - a potion of mutation {unknown}
 m - a potion of might {unknown}
 n - a potion of flight {unknown}
 q - a potion of cancellation {unknown}
Comestibles
 f - a meat ration
 k - a chunk of flesh


   Skills:
 + Level 2.6 Fighting
 + Level 1.0 Short Blades
 + Level 6.0 Crossbows
 + Level 1.0 Armour
 + Level 2.6 Dodging
 + Level 1.7 Stealth


You had 3 spell levels left.
You didn't know any spells.

Dungeon Overview and Level Annotations

Branches:
Dungeon (3/15)

Altars:
Qazlal

Annotations:
D:3 dvd's ghost, weakling DDNe


Innate Abilities, Weirdness & Mutations

You are small and have problems with some larger weapons.
You are carnivorous and can eat meat at any time.


Message History

Press: ? - help, Shift-Dir - straight line, f/p - dvd's ghost
Aim: dvd's ghost, wielding a vorpal weapon (heavily damaged)
You shoot a bolt. The bolt barely misses the adder.
The bolt hits dvd's ghost.
Dvd's ghost is severely damaged.
The adder misses you. x2
Firing (i - inventory):
d - 9 bolts (quivered)
Press: ? - help, Shift-Dir - straight line, f/p - dvd's ghost
Aim: dvd's ghost, wielding a vorpal weapon (severely damaged)
You shoot a bolt. The bolt hits dvd's ghost.
Dvd's ghost is severely damaged.
Dvd's ghost barely misses you. The adder bites you but does no damage.
Firing (i - inventory):
d - 8 bolts (quivered)
Press: ? - help, Shift-Dir - straight line, f/p - dvd's ghost
Aim: dvd's ghost, wielding a vorpal weapon (severely damaged)
You shoot a bolt. The bolt closely misses dvd's ghost.
The adder closely misses you. Dvd's ghost hits you.
* * * LOW HITPOINT WARNING * * *
The adder closely misses you.
Dvd's ghost is infused with unholy energy.
You die...

#. .. #.#
... #.#
....
##.####....
.........$
#.........
#.((.$....
#WS.......
#@####....
#.# . .(#
#.# .. #.#
#. #.#
#.##.# #
#..#.# .#
#.#.# .#
#...#..##..


You could see dvd's ghost and an adder.

Vanquished Creatures
  Jessica (D:3)
  An adder (D:3)
  An ooze (D:1)
  A worm (D:2)
  A dart slug (D:2)
  A leopard gecko (D:1)
  A ball python (D:2)
  2 giant cockroaches (D:2)
  5 goblins
  3 hobgoblins
  A quokka (D:2)
  2 bats (D:1)
  2 frilled lizards
  3 kobolds
  8 rats
33 creatures vanquished.

Notes
Turn   | Place    | Note
-------+----------+-------------------------------------------
     0 | D:1      | sagitran the Kobold Hunter began the quest for the Orb.
     0 | D:1      | Reached XP level 1. HP: 12/12 MP: 1/1
    90 | D:1      | Reached skill level 5 in Crossbows
   288 | D:1      | Reached XP level 2. HP: 17/17 MP: 2/2
   963 | D:2      | Reached XP level 3. HP: 18/22 MP: 3/3
  1253 | D:2      | Found a stormy altar of Qazlal.
  1255 | D:2      | Noticed an air elemental
  1256 | D:2      | Noticed a fire elemental
  1256 | D:2      | Noticed a water elemental
  1256 | D:2      | Noticed an earth elemental
  1884 | D:3      | Reached skill level 1 in Short Blades
  1884 | D:3      | Reached XP level 4. HP: 27/27 MP: 4/4
  1930 | D:3      | Noticed Jessica
  1942 | D:3      | Killed Jessica
  1942 | D:3      | Reached skill level 6 in Crossbows
  1942 | D:3      | Reached skill level 1 in Armour
  1955 | D:3      | Noticed dvd's ghost (weakling DDNe)
  1965 | D:3      | Killed from afar by dvd's ghost

Skill      XL: |  1  2  3  4 |
---------------+-------------+-----
Crossbows      | 5 6 |  6.0
Short Blades   | 1 |  1.0
Armour         | 1 |  1.0
Fighting       | |  2.6
Dodging        | |  2.6
Stealth        | |  1.7

Action                   |  1- 3 |  4- 6 || total
-------------------------+-------+-------++-------
Melee: Short sword       |    40 |       ||    40
       Rapier            |    14 |       ||    14
       Dagger            |       |     4 ||     4
 Fire: Hand crossbow     |    44 |     7 ||    51
  Use: Scroll            |     2 |       ||     2
  Eat: Chunk             |    11 |       ||    11
Armor: Chain mail        |    27 |       ||    27
       Leather armour    |     3 |     1 ||     4
Dodge: Dodged            |    32 |     7 ||    39
